 Dungeon Crawl Stone Soup version 0.22-a0 (webtiles) character file.

409 rgaf the Covert (level 6, -3/41 HPs)
             Began as a Vampire Enchanter on Jan 1, 2018.
             Slain by a gnoll (4 damage)
             ... on level 3 of the Dungeon.
             The game lasted 00:06:44 (5312 turns).

rgaf the Covert (Vampire Enchanter)                 Turns: 5312, Time: 00:06:45

Health: -3/41      AC:  3    Str:  7    XL:     6   Next: 58%
Magic:  6/10       EV: 13    Int: 19    God:
Gold:   124        SH:  0    Dex: 15    Spells: 4/10 levels left

rFire    . . .     SeeInvis +   a - +1 dagger
rCold    + . .     Gourm    .   (no shield)
rNeg     + + .     Faith    .   b - +0 robe
rPois    +         Spirit   .   (no helmet)
rElec    .         Reflect  .   (no cloak)
rCorr    .         Harm     .   (no gloves)
MR       .....                  p - +0 pair of boots
Stlth    +++++.....             (no amulet)
HPRegen  0.06/turn              (no ring)
MPRegen  0.12/turn              (no ring)

@: regenerating slowly
A: fangs 3, see invisible, unbreathing
a: Bat Form


You were on level 3 of the Dungeon.
You were near bloodless.

You visited 1 branch of the dungeon, and saw 3 of its levels.

You collected 124 gold pieces.

Inventory:

Hand Weapons
 a - a +1 dagger (weapon)
Armour
 b - a +0 robe (worn)
 p - a +0 pair of boots (worn)
Jewellery
 l - an uncursed amulet of magic regeneration {unknown}
 o - a +1 ring of protection {unknown}
Wands
 r - a wand of clouds (6)
Scrolls
 e - 3 scrolls of remove curse {unknown}
 g - a scroll of noise {unknown}
 h - a scroll of fog {unknown}
 j - a scroll of blinking {unknown}
 m - 3 scrolls of identify {unknown}
 n - 2 scrolls of enchant weapon {unknown}
 s - a scroll of magic mapping {unknown}
Potions
 d - 13 potions of blood
 f - 2 potions of curing {unknown}
 i - 2 potions of cancellation {unknown}
 k - a potion of lignification {unknown}
 q - a potion of mutation {unknown}
Books
 c - a book of Maledictions

   Spells                             Type                      Level
   a - Corona                         Hexes                        1
   b - Ensorcelled Hibernation        Hexes/Ice                    2
   c - Confuse                        Hexes                        3
   d - Tukima's Dance                 Hexes                        3
   e - Dazzling Spray                 Conjuration/Hexes            3


   Skills:
 + Level 2.4 Short Blades
 - Level 2.1 Dodging
 * Level 9.3 Stealth
 + Level 2.7 Spellcasting
 * Level 6.3 Hexes


You had 4 spell levels left.
You knew the following spells:

 Your Spells              Type           Power        Failure   Level  Hunger
a - Corona                Hex            ####...      1%          1    None
b - Ensorcelled Hibernat  Hex/Ice        ##....       6%          2    ##.....
c - Confuse               Hex            ####....     3%          3    ###....


Dungeon Overview and Level Annotations

Branches:
Dungeon (3/15)

Altars:
Dithmenos
Elyvilon
Hepliaklqana
Uskayaw
Yredelemnul
Zin


Innate Abilities, Weirdness & Mutations

You heal slowly.
You have razor-sharp teeth.
You have supernaturally acute eyesight. (SInv)
You can survive without breathing.


Message History

There is an open door here.
A gnoll comes into view.
The gnoll shouts!
The gnoll hits you with a spear!
The gnoll shouts!
You hit the gnoll.
The gnoll is moderately wounded.
You hear a shout!
The gnoll hits you with a spear. The gnoll hits you!
* * * LOW HITPOINT WARNING * * *
You hear a shout!
A gnoll comes into view. It is wielding a club.
The gnoll hits you with a spear.
* * * LOW HITPOINT WARNING * * *
The gnoll barely misses you.
There is a huge open gate here.
The gnoll hits you from afar with a spear!
* * * LOW HITPOINT WARNING * * *
The gnoll hits you.
You die...

#.###g##.#...)......g... ##g###.
#......#.#)............. #......
#......#.'.............. #......
#.##############################.
#.#...........#....#...........#.
#.'......)....g....'...........'.
#'#...........#.g.)#...........#'
..#############gg''#############.
..#.............@..............#.
###≈≈≈≈≈≈≈≈≈≈≈≈....≈≈≈≈≈≈≈≈≈≈≈≈##
≈≈≈≈≈≈≈≈≈≈≈≈≈≈≈....≈≈≈≈≈≈≈≈≈≈≈≈≈≈
≈≈≈≈≈≈≈≈≈≈≈≈≈≈≈....≈≈≈≈≈≈≈≈≈≈≈≈≈≈
...................g............h
####>..................##########
............##########)######## #
##.#.######.# ###........# #
......#...#.# #..........# #


You could see 5 gnolls.

Vanquished Creatures
  2 gnoll shamans (D:3)
  26 gnolls (D:3)
  2 adders (D:2)
  An ooze (D:2)
  4 worms
  A dart slug (D:2)
  2 leopard geckos
  6 bats
  2 giant cockroaches
  2 gnoll zombies (D:2)
  3 goblins
  2 hobgoblins (D:2)
  9 jackals (D:3)
  3 kobolds (D:2)
  A quokka (D:2)
  4 frilled lizards
  7 rats
77 creatures vanquished.

Notes
Turn   | Place    | Note
-------+----------+-------------------------------------------
     0 | D:1      | rgaf the Vampire Enchanter began the quest for the Orb.
     0 | D:1      | Reached XP level 1. HP: 13/13 MP: 3/3
   257 | D:1      | Reached skill level 5 in Stealth
  1150 | D:2      | Reached XP level 2. HP: 19/19 MP: 5/5
  1154 | D:2      | Learned a level 2 spell: Ensorcelled Hibernation
  1307 | D:2      | Reached skill level 6 in Stealth
  1317 | D:2      | Found a hazy altar of Hepliaklqana.
  1675 | D:2      | Found a hide-covered altar of Uskayaw.
  1771 | D:2      | Reached XP level 3. HP: 19/24 MP: 6/6
  2032 | D:2      | Reached skill level 7 in Stealth
  2227 | D:1      | Learned a level 3 spell: Confuse
  2641 | D:2      | Found a basalt altar of Yredelemnul.
  2962 | D:3      | Reached XP level 4. HP: 24/30 MP: 7/7
  3315 | D:3      | Found a glowing silver altar of Zin.
  3353 | D:3      | Found a white marble altar of Elyvilon.
  3409 | D:3      | Reached skill level 8 in Stealth
  3467 | D:3      | Found a shadowy altar of Dithmenos.
  3743 | D:3      | Reached XP level 5. HP: 26/35 MP: 0/8
  3821 | D:3      | Reached skill level 5 in Hexes
  4635 | D:3      | Reached XP level 6. HP: 41/41 MP: 2/9
  4707 | D:3      | Reached skill level 9 in Stealth
  5312 | D:3      | HP: 1/41 [gnoll/spear (7)]
  5312 | D:3      | Slain by a gnoll

Vault maps used:
D:1:      minmay_arrival_stair_chambers, st_stairs_9, supply_closet_lemuel
D:2:      lemuel_zombie_altar_yredelemnul, lemuel_doored_altar,
          old_standard_altar, first_ration, serial_forest,
          infiniplex_forest_lined_2, infiniplex_forest_end_1,
          infiniplex_forest_clump_small, infiniplex_forest_end_3,
          infiniplex_forest_end_3, infiniplex_forest_lined_3,
          infiniplex_forest_clump_cross, minivault_25, hex_medium
D:3:      lemuel_castle_with_subvaults, overflow_temple_1_default,
          grunt_dithmenos_smoke_and_mirrors, st_stairs_7, elyvilon_altar_3

Skill      XL: |  1  2  3  4  5  6 |
---------------+-------------------+-----
Stealth        | 5 6 7 8 9 |  9.3
Hexes          | 5 6 |  6.3
Short Blades   | 2 |  2.4
Dodging        | |  2.1
Spellcasting   | |  2.7

Action                   |  1- 3 |  4- 6 || total
-------------------------+-------+-------++-------
Melee: Dagger            |   116 |   126 ||   242
       Bite              |     7 |     9 ||    16
 Cast: Ensorcelled Hiber |     5 |    51 ||    56
       Confuse           |     2 |       ||     2
 Abil: End Transformatio |       |     1 ||     1
       Bat Form          |       |     1 ||     1
  Use: Potion            |     2 |     5 ||     7
 Stab: Sleeping          |    16 |    31 ||    47
       Confused          |     3 |       ||     3
       Distracted        |     1 |       ||     1
Armor: Robe              |    21 |    35 ||    56
Dodge: Dodged            |    68 |   111 ||   179

Table legend:
 A = Spawn XP
 B = Non-spawn XP
 C = Spawn XP percentage of total XP
 D = Spawn monster count
 E = Non-spawn monster count
 F = Spawn count percentage of total count
 G = Total turns spent on level
                    A         B        C        D         E        F      G
               +---------+---------+-------+---------+---------+-------+---------
         Total |       0 |     585 |   0.0 |       0 |      77 |   0.0 |  5312
               +---------+---------+-------+---------+---------+-------+---------
           D:1 |       0 |      10 |   0.0 |       0 |       7 |   0.0 |  1063
           D:2 |       0 |      82 |   0.0 |       0 |      24 |   0.0 |  1674
           D:3 |       0 |     493 |   0.0 |       0 |      46 |   0.0 |  2575
               +---------+---------+-------+---------+---------+-------+---------
